 Dungeon Crawl Stone Soup version 0.31-a0-1570-g93c622d222 (webtiles) character file.

Game seed: 17096528406401314824

3 voltaire321 the Magician (level 1, 0/13 HPs)
             Began as a Demonspawn Hedge Wizard on Jan 3, 2024.
             Slain by a kobold
             ... wielding a +0 club
              (1 damage)
             ... on level 1 of the Dungeon.
             The game lasted 00:00:39 (232 turns).

voltaire321 the Magician (Demonspawn Hedge Wizard)   Turns: 232, Time: 00:00:40

Health: 0/13       AC:  2    Str: 10    XL:     1   Next: 41%
Magic:  1/4        EV: 12    Int: 14    God:
Gold:   7          SH:  0    Dex: 12    Spells: 5/6 levels left

rFire   . . .        a - +0 dagger
rCold   . . .        (no shield)
rNeg    . . .        b - +0 robe
rPois   .            c - +0 hat
rElec   .            (no cloak)
rCorr   .            (no gloves)
SInv    .            (no boots)
Will    .....        (no amulet)
Stlth   ++           (no ring)
HPRegen 0.22/turn    (no ring)
MPRegen 0.09/turn

%: no passive effects
@: no status effects
A: no striking features
a: no special abilities


You were on level 1 of the Dungeon.
You visited 1 branch of the dungeon, and saw 1 of its levels.

You collected 7 gold pieces.

Inventory:

Hand Weapons
 a - a +0 dagger (weapon)
Armour
 b - a +0 robe (worn)
 c - a +0 hat (worn)
Scrolls
 f - 2 scrolls of enchant armour {unknown}
Potions
 d - a potion of magic
 e - a potion of ambrosia {unknown}


   Skills:
 + Level 0.1 Fighting
 + Level 0.1 Armour
 + Level 1.8 Dodging
 - Level 1.7 Stealth
 + Level 3.0 Spellcasting
 + Level 1.0 Conjurations
 + Level 1.0 Summonings
 + Level 1.0 Translocations


You had 5 spell levels left.
You knew the following spells:

 Your Spells              Type           Power      Damage    Failure   Level
a - Magic Dart            Conj           20%        1d4       14%         1

Your spell library contained the following spells:

 Spells                   Type           Power      Damage    Failure   Level
 Slow                     Hex            8%         N/A       22%         1
 Blink                    Tloc           8%         N/A       22%         2
 Call Imp                 Summ           10%        N/A       22%         2
 Cigotuvi's Dreadful Rot  Necr/Alch/Air  4%         N/A       32%         2
 Mephitic Cloud           Conj/Alch/Air  3%         N/A       50%         3


Dungeon Overview and Level Annotations

Branches:
Dungeon (1/15)

Altars:


Message History

You miscast Magic Dart.
You are very lightly contaminated with residual magic.
Nothing appears to happen.
The kobold misses you.
You closely miss the kobold.
The kobold is heavily wounded.
The kobold misses you. The bat attacks as it pursues you!
The bat closely misses you. The bat barely misses you.
You hit the kobold but do no damage.
The kobold is heavily wounded.
The kobold misses you.
You hit the kobold but do no damage.
The kobold is heavily wounded.
The kobold hits you with a +0 club.
You closely miss the kobold.
The kobold is heavily wounded.
The kobold hits you with a +0 club.
You barely miss the kobold.
The kobold is heavily wounded.
The kobold misses you.
Your magical contamination has completely faded away.
You completely miss the kobold.
The kobold is heavily wounded.
The kobold hits you with a +0 club.
You barely miss the kobold.
The kobold is heavily wounded.
The kobold barely misses you.
You hit the kobold but do no damage.
The kobold is heavily wounded.
The kobold hits you with a +0 club.
* * * LOW HITPOINT WARNING * * *
You barely miss the kobold.
The kobold is heavily wounded.
The kobold hits you with a +0 club.
* * * LOW HITPOINT WARNING * * *
You miss the kobold.
The kobold is heavily wounded.
The kobold hits you with a +0 club.
You die...

.. #....# ...
....# #.##...#
..#...# .....#
#...#
##.##...#
........######
+......bK@..>#
############.#
#.# #.# #.#
#.# #.# #.#
####.#


You could see a bat and a kobold.

Vanquished Creatures
  A goblin (D:1)
  A kobold (D:1)
  A rat (D:1)
3 creatures vanquished.

Notes
Turn   | Place    | Note
-------+----------+-------------------------------------------
     0 | D:1      | voltaire321 the Demonspawn Hedge Wizard began the quest for
                  | the Orb.
     0 | D:1      | Reached XP level 1. HP: 13/13 MP: 4/4
   172 | D:1      | Reached skill level 1 in Translocations
   232 | D:1      | Slain by a kobold

Illustrated notes

Levels and vault maps discovered:
D:1:      psy_arrival_basics, layout_basic, hangedman_decor_clover_reticule,
          palyth_stone_intersect, minmay_heptomino_d4

Skill      XL: |  1 |
---------------+----+-----
Translocations | 1 |  1.0
Fighting       | |  0.1
Armour         | |  0.1
Dodging        | |  1.8
Stealth        | |  1.7
Spellcasting   | |  3.0
Conjurations   | |  1.0
Summonings     | |  1.0

Action                     || total
---------------------------++-------
  Melee: Dagger            ||    13
   Cast: Magic Dart        ||     8
 Armour: Robe              ||    11
  Dodge: Dodged            ||    13

Table legend: (Time is in decaauts)
 A = Elapsed time spent in this place.
 B = Non-inter-level travel time spent in this place.
 C = Inter-level travel time spent in this place.
 D = Time resting spent in this place.
 E = Time spent auto-exploring this place.
 F = Levels seen in this place.
 G = Mean time per level.
                   A        B        C        D        E       F      G
               +--------+--------+--------+--------+--------+-----+--------+
         Total |    232 |    232 |      0 |     35 |    150 |   1 |  232.0 |
       Dungeon |    232 |    232 |      0 |     35 |    150 |   1 |  232.0 |
               +--------+--------+--------+--------+--------+-----+--------+

Top non-repeatable levels by time:
     D:1: 232 daAuts
